 Dungeon Crawl Stone Soup version 0.17.0-24-gcfadda4 (webtiles) character file.

2742 Arkorax the Cleaver (level 9, -1/83 HPs)
             Began as a Minotaur Berserker on Nov 15, 2015.
             Was an Elder of Trog.
             Killed by nerve-wracking pain
             ... invoked by an orc priest
              (12 damage)
             ... on level 8 of the Dungeon.
             The game lasted 00:10:01 (5086 turns).

Arkorax the Cleaver (Minotaur Berserker)            Turns: 5086, Time: 00:10:01

Health: -1/83      AC: 23    Str: 23    XL:     9   Next: 41%
Magic:  8/8        EV:  8    Int:  4    God:    Trog [****..]
Gold:   402        SH:  0    Dex:  9    Spells: 0 memorised, 8 levels left

rFire  . . .     SeeInvis .     a - +0 hand axe
rCold  x . .     Clarity  .     L - +5 chain mail of Distant Shores {rC- rN+++ rCorr Str-3}
rNeg   + + +     SustAt   +     (no shield)
rPois  .         Gourm    .     (helmet restricted)
rElec  .         Spirit   .     N - +1 cloak
rCorr  +         Warding  .     (no gloves)
rMut   .         Stasis   .     (no boots)
MR     .....                    (no amulet)
Stlth  ..........               J - ring of Robustness {AC+8}
                                j - ring of sustain attributes

@: not resistant to hostile enchantments, extremely unstealthy
A: retaliatory headbutt, horns 2
a: Berserk, Trog's Hand, Brothers in Arms, Burn Spellbooks, Renounce Religion


You were on level 8 of the Dungeon.
You worshipped Trog.
Trog was greatly pleased with you.
You were not hungry.

You visited 1 branch of the dungeon, and saw 8 of its levels.

You collected 402 gold pieces.

Inventory:

Hand Weapons
 a - a +0 hand axe (weapon)
 x - the +1 spear of Equivalence {pierce, rN+ Stlth+}
   (You found it on level 4 of the Dungeon)

   It inflicts extra damage upon your enemies.
   It protects you from negative energy.
   It makes you more stealthy.
Missiles
 p - 12 javelins (quivered)
Armour
 D - a +0 plate armour
 I - a +0 chain mail of cold resistance
 L - the +5 chain mail of Distant Shores (worn) {rC- rN+++ rCorr Str-3}
   (You found it on level 6 of the Dungeon)

   It affects your strength (-3).
   It makes you vulnerable to cold.
   It renders you almost immune to negative energy.
   It protects you from acid and corrosion.
 N - a +1 cloak (worn)
Rods
 P - a +0 rod of ignition (10/10)
   (You took it off a crimson imp on level 8 of the Dungeon)
Jewellery
 j - a ring of sustain attributes (left hand)
 n - an uncursed ring of wizardry
 J - the ring of Robustness (right hand) {AC+8}
   (You found it on level 5 of the Dungeon)

   [ring of protection]

   It affects your AC (+8).
Wands
 b - a wand of polymorph (14)
 A - a wand of paralysis (10)
 B - a wand of flame (41)
 K - a wand of random effects (22)
Scrolls
 d - 3 scrolls of random uselessness {unknown}
 h - 3 scrolls of enchant armour {unknown}
 i - 2 scrolls of enchant weapon {unknown}
 m - 3 scrolls of identify {unknown}
 q - 3 scrolls of amnesia {unknown}
 w - 4 scrolls of remove curse {unknown}
 y - 2 scrolls of teleportation {unknown}
 C - 5 scrolls of recharging {unknown}
 F - 2 scrolls of fog {unknown}
 G - 2 scrolls of noise {unknown}
Potions
 e - 2 potions of cancellation {unknown}
 g - 5 potions of heal wounds {unknown}
 k - a potion of agility {unknown}
 l - 8 potions of curing {unknown}
 o - a potion of might {unknown}
 r - 2 potions of lignification {unknown}
 s - a potion of invisibility {unknown}
 t - a potion of beneficial mutation {unknown}
 v - 2 potions of brilliance {unknown}
 E - 2 potions of resistance {unknown}
 H - a potion of haste {unknown}
Books
 M - an Akashic Record

   Spells                             Type                      Level
   a - Dispersal                      Translocation                6
   b - Malign Gateway                 Summoning/Translocation      7
   c - Disjunction                    Translocation                8
   d - Controlled Blink               Translocation                8
   Trog disapproves of the use of such an item.
Comestibles
 c - 7 bread rations
 f - 14 fruits
 u - 5 beef jerkies
 z - 2 meat rations
 O - 7 slices of pizza


   Skills:
 + Level 9.0 Fighting
 * Level 13.1 Axes
 - Level 2.4 Armour
 - Level 2.1 Dodging
 - Level 0.1 Stealth


You had 8 spell levels left.
You didn't know any spells.

Dungeon Overview and Level Annotations

Branches:
Dungeon (8/15)             Temple (0/1) D:5            Lair (0/8) D:8

Altars:
Ashenzari
Fedhas
Kikubaaqudgha
Okawaru
Sif Muna
Vehumet
Xom
Yredelemnul

Annotations:
D:5 2 runed doors


Innate Abilities, Weirdness & Mutations

You reflexively headbutt those who attack you in melee.
You have a pair of horns on your head.


Message History

The orc warrior hits you with a dire flail!
The orc priest hits you with a flail.
Unknown command.
You hit the orc priest but do no damage.
Your headbutt misses the orc priest.
The orc priest is heavily wounded.
You closely miss the orc warrior.
The orc warrior is moderately wounded.
You closely miss the orc priest.
The orc priest is heavily wounded.
You hit the orc warrior.
The orc warrior is moderately wounded.
The orc warrior hits you with a dire flail!
* * * LOW HITPOINT WARNING * * *
The orc priest mumbles some strange prayers to Beogh against you.
Pain shoots through your body!
* * * LOW HITPOINT WARNING * * *
The orc priest invokes the aid of Beogh against you.
Pain shoots through your body!
You die...

#. ..## .. #.. ...#### ... #..
....... .....## ..# ##.. ......
#.....# .# .# #..# ....# #......
### [....###..##....## ##......
..# ...........ooo...####.......
#.# #.# #....@................
..####.# ##....##..............
#..##..# #..(####<..##........#
...##..# ##..## ##...##...###...
...#...# #...# #....###..# #...
.......####...####..#..##.## #.##
.#####..)##.........#.....####.##
## ###)..................##.## #
#.[#..#####..........##.#


You could see an orc warrior and 2 orc priests.

Vanquished Creatures
  A gargoyle (D:5)
  A blink frog (D:8)
  A human (D:7)
  A porcupine (D:8)
  2 phantoms
  A centaur (D:6)
  2 sky beasts
  4 ogres
  4 giant frogs
  Blork the orc (D:4)
  A scorpion (D:5)
  5 crimson imps
  A jelly (D:5)
  A centaur skeleton (D:6)
  An orc priest (D:8)
  2 hounds
  3 orc wizards
  3 giant frog skeletons
  3 iguanas
  4 worker ants
  4 sheep (D:7)
  A hound skeleton (D:5)
  7 adders
  A shadow imp (D:6)
  A river rat (D:8)
  3 worms (D:2)
  11 giant geckos
  11 orcs
  5 ball pythons
  5 giant cockroaches
  5 goblins
  5 hobgoblins
  3 jackals (D:2)
  2 quokkas
  A ball python skeleton (D:6)
  8 bats
  5 giant newts
  A jackal skeleton (D:7)
  5 kobolds
  A quokka skeleton (D:6)
  5 rats
132 creatures vanquished.

Notes
Turn   | Place    | Note
--------------------------------------------------------------
     0 | D:1      | Arkorax the Minotaur Berserker began the quest for the Orb.
     0 | D:1      | Reached XP level 1. HP: 19/19 MP: 0/0
   241 | D:1      | Reached skill level 4 in Axes
   299 | D:1      | Reached XP level 2. HP: 27/27 MP: 1/1
   641 | D:1      | Reached ** piety under Trog
   853 | D:2      | Found a blossoming altar of Fedhas.
   861 | D:2      | Reached XP level 3. HP: 26/33 MP: 2/2
  1014 | D:2      | Reached skill level 5 in Axes
  1175 | D:2      | Reached XP level 4. HP: 41/41 MP: 3/3
  1236 | D:3      | Reached skill level 5 in Fighting
  1510 | D:3      | Found an ancient bone altar of Kikubaaqudgha.
  1628 | D:3      | Reached *** piety under Trog
  1768 | D:4      | Noticed Blork the orc
  1774 | D:4      | Killed Blork the orc
  1774 | D:4      | Reached skill level 6 in Axes
  1774 | D:4      | Reached XP level 5. HP: 48/48 MP: 4/4
  1835 | D:4      | Noticed an ogre
  1843 | D:4      | Killed an ogre
  1843 | D:4      | Reached XP level 6. HP: 37/56 MP: 5/5
  1979 | D:4      | Got a shimmering spear
  1980 | D:4      | Identified the +1 spear of Equivalence {pierce, rN+ Stlth+} (You found it on level 4 of the Dungeon)
  2010 | D:4      | Reached skill level 7 in Axes
  2275 | D:4      | Found a shattered altar of Ashenzari.
  2389 | D:4      | Reached skill level 8 in Axes
  2418 | D:4      | Reached XP level 7. HP: 60/63 MP: 6/6
  2460 | D:5      | Entered Level 5 of the Dungeon
  2789 | D:5      | Reached skill level 9 in Axes
  2799 | D:5      | Found a large runed door.
  2799 | D:5      | Found a large runed door.
  2950 | D:5      | Found a large runed door.
  2950 | D:5      | Found a large runed door.
  3125 | D:5      | Noticed a gargoyle
  3134 | D:5      | Killed a gargoyle
  3134 | D:5      | Reached skill level 10 in Axes
  3134 | D:5      | Reached XP level 8. HP: 40/73 MP: 7/7
  3397 | D:5      | Found a staircase to the Ecumenical Temple.
  3558 | D:6      | Reached skill level 11 in Axes
  3606 | D:6      | Reached **** piety under Trog
  3739 | D:6      | Got a translucent chain mail
  3757 | D:6      | Identified the +5 chain mail of Distant Shores {rC- rN+++ rCorr Str-3} (You found it on level 6 of the Dungeon)
  4163 | D:7      | Found a shimmering altar of Xom.
  4165 | D:7      | Found a shimmering altar of Xom.
  4226 | D:7      | Reached skill level 12 in Axes
  4265 | D:7      | Reached XP level 9. HP: 68/82 MP: 8/8
  4427 | D:7      | Found a radiant altar of Vehumet.
  4427 | D:7      | Found a deep blue altar of Sif Muna.
  4427 | D:7      | Found a basalt altar of Yredelemnul.
  4509 | D:7      | Noticed a manticore
  4509 | D:7      | Found a shimmering altar of Xom.
  4657 | D:8      | Found an iron altar of Okawaru.
  4682 | D:8      | Found a staircase to the Lair.
  4760 | D:8      | Reached skill level 13 in Axes
  5086 | D:8      | Killed from afar by an orc priest

Action                   |  1- 3 |  4- 6 |  7- 9 || total
-------------------------+-------+-------+-------++-------
Melee: Hand axe          |    66 |   111 |   306 ||   483
Invok: Berserk           |       |     1 |     1 ||     2
       Trog's Hand       |       |       |     1 ||     1
  Eat: Chunk             |       |     6 |     1 ||     7
       Bread ration      |       |       |     2 ||     2
